 Dungeon Crawl Stone Soup version 0.30-a0-799-g109b55a442 (webtiles) character file.

Game seed: 981383821779095632

4764 cforsyth the Fighter (level 10, -45/80 HPs)
             Began as a Djinni Conjurer on Feb 20, 2023.
             Was an Initiate of Makhleb.
             Annihilated by a white ugly thing (46 damage)
             ... on level 10 of the Dungeon.
             The game lasted 00:16:17 (7731 turns).

cforsyth the Fighter (Djinni Conjurer)              Turns: 7731, Time: 00:16:17

Health: -45/80     AC:  3    Str:  6    XL:     10   Next: 75%
Gold:   557        EV: 13    Int: 31    God:    Makhleb [......] SH:  0 Dex:  7

rFire   + + +      SeeInvis .    u - +10 mace of the Head {flame, rF+++ Int+7 Dex-5}
rCold   x . .      Faith    .    (no shield)
rNeg    . . .      Spirit   .    a - +0 robe
rPois   ∞          Reflect  .    (no helmet)
rElec   .          Harm     .    F - +0 cloak
rCorr   +          Rampage  .    (no gloves)
Will    ++...                    (boots unavailable)
Stlth   +                        c - amulet of regeneration
HPRegen 1.13/turn                p - ring of resist corrosion
MPRegen 0.00/turn                M - ring of willpower

@: flying
A: sickness immunity, fire resistance 2, cold vulnerability 1, float, innate
caster, HP casting, extra vitality 1
a: Renounce Religion


You were on level 10 of the Dungeon.
You worshipped Makhleb.
Makhleb was noncommittal.
You visited 2 branches of the dungeon, and saw 11 of its levels.

You collected 557 gold pieces.

Inventory:

Hand Weapons
 u - the +10 mace of the Head (weapon) {flame, rF+++ Int+7 Dex-5}
   (You found it on level 5 of the Dungeon)

   Int:       It affects your intelligence (+7).
   Dex:       It affects your dexterity (-5).
   rF:        It renders you almost immune to fire.
 K - the +11 whip of Saltpetre {protect, Str+3 Int-2 Dex+8 SInv}
   (You took it off an orc on level 9 of the Dungeon)

   Str:       It affects your strength (+3).
   Int:       It affects your intelligence (-2).
   Dex:       It affects your dexterity (+8).
   SInv:      It lets you see invisible.
Armour
 a - a +0 robe (worn)
 F - a +0 cloak (worn)
Jewellery
 c - an amulet of regeneration (around neck)
 l - an amulet of the acrobat
 p - a ring of resist corrosion (left hand)
 B - a +4 ring of protection
 E - a +5 ring of evasion
 M - a ring of willpower (right hand)
Wands
 x - a wand of flame (48)
 y - a wand of iceblast (10)
 A - a wand of mindburst (4)
 C - a wand of digging (7)
Scrolls
 e - a scroll of brand weapon {unknown}
 h - 5 scrolls of teleportation
 i - a scroll of vulnerability
 n - 2 scrolls of immolation
 r - a scroll of blinking {unknown}
 t - 2 scrolls of fog
 v - a scroll of magic mapping
 w - a scroll of amnesia {unknown}
 z - a scroll of silence {unknown}
 D - a scroll of torment {unknown}
 H - a scroll of noise {unknown}
 L - a scroll of poison {unknown}
Potions
 b - 6 potions of curing
 k - a potion of invisibility {unknown}
 m - 6 potions of might
 o - 7 potions of heal wounds
 q - 4 potions of mutation
 s - 3 potions of ambrosia
 G - 2 potions of berserk rage {unknown}
 I - a potion of resistance {unknown}
 J - a potion of lignification {unknown}


   Skills:
 + Level 9.9 Fighting
 + Level 6.0 Dodging
 - Level 1.6 Stealth
 + Level 8.5 Spellcasting


You knew the following spells:

 Your Spells              Type           Power      Damage    Failure   Level
a - Magic Dart            Conj           100%       1d8       1%          1
b - Searing Ray           Conj           100%       2d8       1%          2
c - Dazzling Flash        Conj/Hex       100%       N/A       1%          3
d - Fulminant Prism       Conj/Hex       30%        3d15      1%          4
e - Iskenderun's Mystic   Conj/Tloc      60%        2d13      1%          4
f - Beastly Appendage     Tmut           100%       N/A       1%          1
g - Lesser Beckoning      Tloc           100%       N/A       1%          2
h - Spider Form           Tmut/Pois      60%        N/A       1%          3
i - Airstrike             Air            30%        2d(5-21)  1%          4
Your spell library was empty.

Dungeon Overview and Level Annotations

Branches:
Dungeon (10/15)            Temple (1/1) D:7            Lair (0/5) D:10
    Orc (0/2) D:10

Altars:
Ashenzari
Cheibriados
Dithmenos
Fedhas
Gozag
Makhleb
Nemelex Xobeh
Qazlal
Ru
Wu Jian
Xom
The Shining One


Innate Abilities, Weirdness & Mutations

You are immune to sickness and miasma.
You are immune to poison.
Your flesh is very heat resistant. (rF++)
You are vulnerable to cold. (rC-)
You float through the air rather than walking.
You learn spells naturally, not from books.
Your magical power is your life essence.
You have superior vitality. (+4 MHP)


Message History

x - a wand of flame (48) (gained 11 charges)
Found a book of Storms.
The basilisk hisses angrily.
You now have 557 gold pieces (gained 7).
You reach down and open the door.
A white ugly thing and a death knight come into view.
The death knight is wielding a +1 heavy broad axe.
The white ugly thing gurgles horribly!
Found a scroll labelled LIKUMEAHEN.
Casting: Airstrike (mildly dangerous; 1% risk of failure)
Confirm with . or Enter, or press ? or * to list all spells.
Aiming: Fulminant Prism (mildly dangerous; 1% risk of failure)
Press: ? - help, Dir - move target You conjure a prism of explosive energy!
A fulminant prism comes into view.
Your fulminant prism crackles loudly.
The death knight offers itself to Yredelemnul, and fills with unholy energy.
Your fulminant prism explodes!
The blast of energy engulfs the death knight!!
The death knight is moderately wounded.
The death knight reflects your damage back at you!
Casting: Fulminant Prism (mildly dangerous; 1% risk of failure)
Confirm with . or Enter, or press ? or * to list all spells.
Aiming: Fulminant Prism (mildly dangerous; 1% risk of failure)
Press: ? - help, Dir - move target You conjure a prism of explosive energy!
A fulminant prism comes into view.
The white ugly thing tentacle-slaps you but does no damage.
The white ugly thing attacks as you move away!
The white ugly thing tentacle-slaps you.
The white ugly thing freezes you!!!
You feel a terrible chill!
Ouch! That really hurt!
* * * LOW HITPOINT WARNING * * *
Your fulminant prism crackles loudly.
The white ugly thing attacks as you move away!
The white ugly thing tentacle-slaps you!
* * * LOW HITPOINT WARNING * * *
The white ugly thing freezes you!!!
You feel a terrible chill!
Ouch! That really hurt!
You die...

,*,*,,,,,......................##
,*,,,,,**#######.############....
,,,*,*,*,,,+,* #[# *,*##..#
,*,*,*,*,8,*,*##.## *,* ##..
,*,*,*,*,,,*,##...## *,* ###
,,,,,*,*****,#..)..#** *,*
<*,***,*,,,,,+.....+,** *,* ###
**,,,,,*,8**,#.....#*,****,** #..
,,,,,,,*,*,,,##.@.##**,**8,,* #.#
,,****,*,8,*,#..u..#***,***+* #.#
,,* *,*,*,*,##..*##.##*,**,* #..
,,****,*,8,*,#.....#..#**,*,* ###
,,*,,,,*,,,*,###p###l..+,*,**
,,,,,,,*,8,*,*,...,*,.##*,*,*
,,,,,,,*,*,*,*#...#*,*#*,**,*
,,,,,,,*,8,*,*.....****,***+*####
,,,,**,*,*,,,##...##**,**8,,##...


You could see a death knight (reflects damage), a white ugly thing (ally target)
and a friendly fulminant prism.

Vanquished Creatures
  Pikel (D:9)
  A komodo dragon (D:10)
  Prince Ribbit (D:6)
  Grinder (D:3)
  Eustachio (D:5)
  3 yaks (D:9)
  Menkaure (D:6)
  3 steam dragons
  A water moccasin (D:7)
  An acid dragon (D:9)
  2 sky beasts (D:8)
  2 ice beasts
  2 ogres
  An orc warrior (D:9)
  A centaur (D:10)
  2 phantoms
  2 lemures (D:9)
  3 bullfrogs
  2 scorpions
  5 killer bees (D:9)
  A howler monkey (D:7)
  5 hounds
  3 orc priests
  A gnoll bouda (D:6)
  2 jellies (D:6)
  Ijyb (D:5)
  4 iguanas
  4 orc wizards
  A statue (D:6)
  Robin (D:3)
  10 gnolls
  13 adders
  A shadow imp (D:5)
  2 white imps
  An ufetubus (D:6)
  A worm (D:2)
  4 dart slugs
  24 orcs
  11 ball pythons
  10 endoplasms
  3 giant cockroaches
  14 goblins
  13 hobgoblins
  4 jackals (D:2)
  3 quokkas
  2 bats (D:1)
  2 frilled lizards
  5 kobolds
  7 rats
189 creatures vanquished.

Vanquished Creatures (others)
  38 fulminant prisms
  3 plants (D:10)
41 creatures vanquished.

Grand Total: 230 creatures vanquished

Notes
Turn   | Place    | Note
-------+----------+-------------------------------------------
     0 | D:1      | cforsyth the Djinni Conjurer began the quest for the Orb.
     0 | D:1      | cforsyth set off with the following spells memorised: Magic
                  | Dart, Searing Ray, Dazzling Flash, Fulminant Prism,
                  | Iskenderun's Mystic Blast.
     0 | D:1      | Reached XP level 1. HP: 15/15 MP: 0/0
   157 | D:1      | Reached XP level 2. HP: 18/21 MP: 0/0
   591 | D:1      | Reached XP level 3. HP: 25/26 MP: 0/0
   591 | D:1      | Learned a level 1 spell: Beastly Appendage
   863 | D:2      | Reached skill level 1 in Fighting
  1063 | D:2      | You are sucked into a shaft and drop 2 floors!
  1098 | D:3      | Reached XP level 4. HP: 26/33 MP: 0/0
  1112 | D:3      | Reached skill level 2 in Fighting
  1343 | D:2      | Reached XP level 5. HP: 29/39 MP: 0/0
  1343 | D:2      | Learned a level 2 spell: Lesser Beckoning
  2063 | D:3      | Noticed Grinder
  2080 | D:3      | Paralysed by Grinder for 4 turns
  2085 | D:3      | Killed Grinder
  2086 | D:3      | Reached skill level 4 in Fighting
  2086 | D:3      | Reached XP level 6. HP: 14/47 MP: 0/0
  2465 | D:3      | Noticed Robin
  2474 | D:3      | Reached XP level 7. HP: 50/52 MP: 0/0
  2474 | D:3      | Learned a level 3 spell: Spider Form
  2573 | D:3      | Found an ornate altar of the Wu Jian Council.
  2638 | D:3      | Killed Robin
  2639 | D:3      | Reached skill level 5 in Spellcasting
  3445 | D:4      | Found an opulent altar of Gozag.
  3502 | D:5      | Entered Level 5 of the Dungeon
  3520 | D:5      | Reached skill level 5 in Fighting
  3596 | D:5      | Reached XP level 8. HP: 54/60 MP: 0/0
  3644 | D:5      | Identified the +10 mace of the Head {flame, rF+++ Int+7
                  | Dex-5}
  3655 | D:5      | Noticed Eustachio
  3675 | D:5      | Killed Eustachio
  3676 | D:5      | Reached skill level 6 in Fighting
  3977 | D:5      | Noticed Ijyb
  3986 | D:5      | Killed Ijyb
  4409 | D:5      | Found a snail-covered altar of Cheibriados.
  4803 | D:6      | Noticed Menkaure
  4806 | D:6      | Killed Menkaure
  4807 | D:6      | Reached skill level 7 in Fighting
  4807 | D:6      | Reached XP level 9. HP: 67/68 MP: 0/0
  4807 | D:6      | Learned a level 4 spell: Airstrike
  4872 | D:6      | Found a sacrificial altar of Ru.
  4898 | D:6      | Noticed Prince Ribbit
  4910 | D:6      | Killed Prince Ribbit
  5042 | D:6      | Reached skill level 8 in Fighting
  5702 | D:7      | Found a stormy altar of Qazlal.
  5922 | D:7      | Found a staircase to the Ecumenical Temple.
  6180 | D:7      | Reached XP level 10. HP: 72/77 MP: 0/0
  6348 | Temple   | Entered the Ecumenical Temple
  6376 | Temple   | Became a worshipper of Makhleb the Destroyer
  6534 | D:8      | Reached skill level 9 in Fighting
  7111 | D:9      | Noticed Pikel
  7122 | D:9      | Killed Pikel
  7123 | D:9      | Reached skill level 5 in Dodging
  7256 | D:9      | Found a sparkling altar of Nemelex Xobeh.
  7274 | D:9      | Identified the +11 whip of Saltpetre {protect, Str+3 Int-2
                  | Dex+8 SInv}
  7432 | D:9      | Found a glowing golden altar of the Shining One.
  7536 | D:10     | Entered Level 10 of the Dungeon
  7536 | D:10     | Found a staircase to the Orcish Mines.
  7597 | D:10     | Found a staircase to the Lair.
  7599 | D:10     | Noticed a komodo dragon
  7613 | D:10     | Killed a komodo dragon
  7725 | D:10     | Noticed a white ugly thing
  7725 | D:10     | Noticed a death knight
  7731 | D:10     | HP: 1/80 [white ugly thing (10)]
  7731 | D:10     | Annihilated by a white ugly thing

Illustrated notes

Levels and vault maps discovered:
D:1:      scummos_arrival_simple_fountains, layout_basic
D:2:      layout_loops_corners
D:3:      layout_basic, amcnicky_altar_gilded, minmay_checkerbox, uniq_robin,
          uniq_grinder
D:4:      layout_loops_ring, nicolae_gozag_cash_rules_everything_around_me
D:5:      layout_layer_cave, mainiacjoe_overflow_alcove_1, uniq_eustachio,
          uniq_ijyb
D:6:      layout_loops_ring, vehumet_statue, nicolae_ru_sacrificial_ziggurat,
          uniq_prince_ribbit1, uniq_menkaure
D:7:      layout_loops_ring, lemuel_doored_altar, temple_hall
D:8:      layout_basic
D:9:      layout_rooms, tso_metal_star, nemelex_spade_bored_becter, uniq_pikel
D:10:     wad_arrow_thing, layout_basic, lemuel_mausoleum_altar_yredelemnul,
          david_lair_shrubbed, minivault_16, kennysheep_generic_room_4
Temple:   nicolae_temple_bog_church

Skill      XL: |  1  2  3  4  5  6  7  8  9 10 |
---------------+-------------------------------+-----
Fighting       | 1 2 4 5 7 8 9 |  9.9
Spellcasting   | 4 5 6 7 8 |  8.5
Dodging        | 3 6 |  6.0
Stealth        | |  1.6

Action                     |  1- 3 |  4- 6 |  7- 9 | 10-12 || total
---------------------------+-------+-------+-------+-------++-------
   Cast: Magic Dart        |    63 |   116 |   107 |       ||   286
         Fulminant Prism   |       |       |    36 |     3 ||    39
         Iskenderun's Myst |       |       |     9 |     8 ||    17
         Spider Form       |       |       |     1 |       ||     1
         Airstrike         |       |       |    52 |    42 ||    94
    Use: Scroll            |       |       |       |    13 ||    13
 Armour: Robe              |     1 |     2 |    15 |     5 ||    23
  Dodge: Dodged            |     5 |    26 |    54 |    12 ||    97

Table legend: (Time is in decaauts)
 A = Elapsed time spent in this place.
 B = Non-inter-level travel time spent in this place.
 C = Inter-level travel time spent in this place.
 D = Time resting spent in this place.
 E = Time spent auto-exploring this place.
 F = Levels seen in this place.
 G = Mean time per level.
                   A        B        C        D        E       F      G
               +--------+--------+--------+--------+--------+-----+--------+
         Total |   7728 |   7418 |    310 |    129 |   6314 |  11 |  702.5 |
       Dungeon |   7692 |   7391 |    301 |    129 |   6301 |  10 |  769.2 |
        Temple |     36 |     28 |      8 |      0 |     13 |   1 |   36.0 |
               +--------+--------+--------+--------+--------+-----+--------+

Top non-repeatable levels by time:
     D:5: 1248 daAuts
     D:2: 1194 daAuts
     D:7: 904 daAuts
     D:1: 859 daAuts
     D:3: 819 daAuts
     D:6: 752 daAuts
     D:4: 628 daAuts
     D:8: 574 daAuts
     D:9: 521 daAuts
    D:10: 189 daAuts
  Temple: 36 daAuts
